cohdb
Replays
Latest Replays
All Replays
Popular Replays
Top Player Replays
Match Explorer
How It Works
Community
CoH3 Stats
Reddit
Sign in to upload your games and track your stats! →
Sign in with Steam
Match 37914251
Unlisted
Match 37914251
Overview
Messages
Build Orders
End
Selects Air and Sea Battlegroup
Construct Section Command Post
Vickers Machine Gun Team
Dingo Light Scout Car
Infantry Section
Infantry Section
Construct Platoon Command Post
Humber Armored Car
Humber Armored Car
Light Vehicle Training
Grenade Package
Unlock M3 Stuart Light Tanks
M3 Stuart Light Tank
Selects Commando Section Paradrop
Commando Section Paradrop
M3 Stuart Light Tank
M3 Stuart Light Tank
Commando Section Paradrop
SneaKerz
gb_gbg
SkyGubbins
WaSteD
0
0
Comments
sign in to comment!
No comments posted yet!